 Dungeon Crawl Stone Soup version 0.22-a0-423-g4197694 (webtiles) character file.

753 incide the Fighter (level 7, -9/64 HPs)
             Began as a Gnoll Wanderer on May 23, 2018.
             Was an Initiate of Wu Jian.
             Killed by divine providence
             ... invoked by an orc priest
              (14 damage)
             ... on level 5 of the Dungeon.
             The game lasted 00:15:30 (3381 turns).

incide the Fighter (Gnoll Wanderer)                 Turns: 3381, Time: 00:15:31

Health: -9/64      AC: 12    Str: 11    XL:     7   Next: 78%
Magic:  15/15      EV:  1    Int: 19    God:    Wu Jian [......]
Gold:   175        SH:  9    Dex: 15    Spells: 17/17 levels left

rFire    . . .     SeeInvis .   a - +0 war axe
rCold    . . .     Gourm    .   o - +0 shield
rNeg     . . .     Faith    .   n - +0 plate armour
rPois    .         Spirit   .   (no helmet)
rElec    .         Reflect  .   (no cloak)
rCorr    .         Harm     .   b - +0 pair of gloves
MR       .....                  (no boots)
Stlth    ..........             y - amulet of rage
HPRegen  0.20/turn              C - ring of stealth
MPRegen  0.14/turn              e - ring of flight

@: no status effects
A: distributed training, fangs 1, strong nose
a: Renounce Religion, Evoke Berserk Rage, Evoke Flight


You were on level 5 of the Dungeon.
You worshipped Wu Jian.
Wu Jian was noncommittal.
You were hungry.

You visited 2 branches of the dungeon, and saw 6 of its levels.

You collected 175 gold pieces.

Inventory:

Hand Weapons
 a - a +0 war axe (weapon)
 j - a +1 flail of crushing
Missiles
 h - 3 throwing nets (quivered)
 k - 18 poisoned needles
 u - 2 tomahawks
 x - 2 javelins
Armour
 b - a +0 pair of gloves (worn)
 n - a +0 plate armour (worn)
 o - a +0 shield (worn)
 E - a +0 pair of gloves
Jewellery
 e - a ring of flight (right hand)
 g - a +6 amulet of reflection {unknown}
 y - an amulet of rage (around neck)
 B - an uncursed ring of magical power
 C - a ring of stealth (left hand)
Wands
 d - a wand of acid (10)
 D - a wand of digging (12)
Scrolls
 i - a scroll of enchant weapon {unknown}
 l - a scroll of immolation {unknown}
 p - a scroll of teleportation {unknown}
 q - 2 scrolls of fear {unknown}
 r - 2 scrolls of remove curse
 s - a scroll of magic mapping {unknown}
 t - a scroll of blinking {unknown}
 v - 2 scrolls of noise
 z - a scroll of enchant armour {unknown}
 A - 4 scrolls of identify {unknown}
Potions
 c - 2 potions of curing
 m - a potion of resistance {unknown}
 w - a potion of might {unknown}
 F - a potion of magic
 G - a potion of haste
Comestibles
 f - 6 rations


   Skills:
 + Level 9.0 Fighting
 + Level 2.6 Short Blades
 + Level 2.6 Long Blades
 + Level 2.6 Axes
 + Level 2.6 Maces & Flails
 + Level 2.6 Polearms
 + Level 2.6 Staves
 + Level 2.6 Slings
 + Level 2.6 Bows
 + Level 2.6 Crossbows
 + Level 2.6 Throwing
 + Level 2.6 Armour
 + Level 3.7 Dodging
 + Level 3.6 Stealth
 + Level 3.7 Shields
 + Level 2.6 Unarmed Combat
 + Level 5.7 Spellcasting
 + Level 2.1 Conjurations
 + Level 2.1 Hexes
 + Level 2.1 Charms
 + Level 2.1 Summonings
 + Level 2.1 Necromancy
 + Level 2.1 Translocations
 + Level 2.1 Transmutations
 + Level 3.1 Fire Magic
 + Level 2.1 Ice Magic
 + Level 2.1 Air Magic
 + Level 2.1 Earth Magic
 + Level 2.1 Poison Magic
 + Level 2.9 Invocations
 + Level 2.6 Evocations


You had 17 spell levels left.
You didn't know any spells.
Your spell library contained the following spells:

 Spells                   Type           Power        Failure   Level  Hunger
 Fireball                 Conj/Fire      ###.......   100%        5    #####..
 Conjure Flame            Conj/Fire      ###.....     100%        3    ##.....
 Throw Flame              Conj/Fire      ###...       100%        2    None
 Mephitic Cloud           Conj/Pois/Air  ##......     100%        3    ##.....
 Sticky Flame             Conj/Fire      ###.....     100%        4    ####...
 Sting                    Conj/Pois      ##..         100%        1    None
 Flame Tongue             Conj/Fire      ###..        100%        1    None
 Inner Flame              Hex/Fire       ###.....     100%        3    ##.....


Dungeon Overview and Level Annotations

Branches:
Dungeon (5/15)             Temple (1/1) D:5

Altars:
Ashenzari
Cheibriados
Dithmenos
Elyvilon
Fedhas
Gozag
Hepliaklqana
Kikubaaqudgha
Makhleb
Nemelex Xobeh
Okawaru
Qazlal
Sif Muna
Uskayaw
Vehumet
Wu Jian
Xom
Zin
The Shining One


Innate Abilities, Weirdness & Mutations

Your experience applies equally to all skills.
You have very sharp teeth.
Your uncanny sense of smell can sniff out nearby items.


Message History

The orc priest is lightly wounded.
The orc priest calls down the wrath of Beogh upon you.
Beogh smites you!
* * * LOW HITPOINT WARNING * * *
Your shield and plate armour prevent you from hitting the orc priest.
Your bite misses the orc priest.
The orc priest is lightly wounded.
The orc priest looks satisfied for a moment.
The orc priest completely misses you.
Your plate armour prevents you from hitting the orc priest.
The orc priest is lightly wounded.
The orc priest invokes the aid of Beogh against you.
Beogh smites you!
* * * LOW HITPOINT WARNING * * *
You hear a shout!
Okay, then.
You fail to use your ability.
The orc priest calls down the wrath of Beogh upon you.
Beogh smites you!
You die...

..#.#.#.#.#.#..............#
..............####.........#
######....##### #...........
# #....# #.........##.
#####....## ### #.........#
. ......##.####..
#.........# .....# ......###
....... ####.#
###.....##....... #
#.####....##.@#....... #
#......#..###†o#......
###..............#..
##>....###..............
##....#.###...........##.
...........................
.....###.##.......#..###..
.....<.#....##.####.## #.
.....#............... .


You could see an orc priest.

Vanquished Creatures
  Edmund (D:4)
  A sky beast (D:5)
  A scorpion (D:4)
  A jelly (D:5)
  2 hounds
  3 orc wizards
  A gnoll shaman (D:4)
  A bullfrog skeleton (D:5)
  3 worker ants (D:4)
  A hound skeleton (D:5)
  4 gnolls
  5 adders
  An adder skeleton (D:5)
  4 worms
  A dart slug (D:1)
  4 leopard geckos
  11 orcs
  5 giant cockroaches
  7 goblins
  5 hobgoblins
  A jackal (D:1)
  2 quokkas
  6 bats
  2 frilled lizards
  6 kobolds
  4 rats
83 creatures vanquished.

Notes
Turn   | Place    | Note
-------+----------+-------------------------------------------
     0 | D:1      | incide the Gnoll Wanderer began the quest for the Orb.
     0 | D:1      | incide set off with: a +0 spear, a +0 robe, a ration
     0 | D:1      | Reached XP level 1. HP: 26/26 MP: 6/6
     0 | D:1      | Noticed a black draconian
     0 | D:1      | Noticed a large abomination
     1 | D:1      | Noticed a green draconian
     1 | D:1      | Noticed an iron dragon
     8 | D:1      | Noticed a tentacled monstrosity
     9 | D:1      | Noticed an orb of fire
    11 | D:1      | Noticed a shadow dragon
    13 | D:1      | Noticed a green draconian
    15 | D:1      | Noticed a tentacled monstrosity
    15 | D:1      | Noticed an ice dragon
    17 | D:1      | Noticed an iron dragon
    19 | D:1      | Noticed a tentacled monstrosity
    21 | D:1      | Noticed a tentacled monstrosity
    66 | D:1      | Reached skill level 2 in Fire Magic
    76 | D:1      | Reached XP level 2. HP: 25/33 MP: 7/7
   409 | D:2      | Reached XP level 3. HP: 16/38 MP: 9/9
   427 | D:2      | HP: 7/38 [adder (2)]
   446 | D:2      | Reached skill level 5 in Spellcasting
   659 | D:2      | Reached skill level 1 in Invocations
   785 | D:2      | HP: 7/38 [poisoned by an adder]
  1015 | D:2      | Reached skill level 1 in Short Blades
  1015 | D:2      | Reached skill level 1 in Long Blades
  1015 | D:2      | Reached skill level 1 in Axes
  1015 | D:2      | Reached skill level 1 in Maces & Flails
  1015 | D:2      | Reached skill level 1 in Polearms
  1015 | D:2      | Reached skill level 1 in Staves
  1015 | D:2      | Reached skill level 1 in Slings
  1015 | D:2      | Reached skill level 1 in Bows
  1015 | D:2      | Reached skill level 1 in Crossbows
  1015 | D:2      | Reached skill level 1 in Throwing
  1015 | D:2      | Reached skill level 1 in Armour
  1015 | D:2      | Reached skill level 1 in Unarmed Combat
  1015 | D:2      | Reached skill level 1 in Evocations
  1076 | D:2      | Reached XP level 4. HP: 23/45 MP: 11/11
  1282 | D:2      | Reached skill level 1 in Conjurations
  1282 | D:2      | Reached skill level 1 in Hexes
  1282 | D:2      | Reached skill level 1 in Charms
  1282 | D:2      | Reached skill level 1 in Summonings
  1282 | D:2      | Reached skill level 1 in Necromancy
  1282 | D:2      | Reached skill level 1 in Translocations
  1282 | D:2      | Reached skill level 1 in Transmutations
  1282 | D:2      | Reached skill level 1 in Ice Magic
  1282 | D:2      | Reached skill level 1 in Air Magic
  1282 | D:2      | Reached skill level 1 in Earth Magic
  1282 | D:2      | Reached skill level 1 in Poison Magic
  1404 | D:3      | Reached XP level 5. HP: 15/51 MP: 12/12
  1455 | D:3      | HP: 10/51 [orc wizard/dagger (3)]
  1458 | D:3      | HP: 4/51 [orc wizard/magic dart (4)]
  1926 | D:3      | Reached skill level 3 in Dodging
  1926 | D:3      | Reached skill level 3 in Shields
  2074 | D:4      | Reached XP level 6. HP: 47/57 MP: 13/13
  2157 | D:4      | Reached skill level 3 in Stealth
  2157 | D:4      | Reached skill level 2 in Invocations
  2255 | D:4      | Reached skill level 2 in Short Blades
  2255 | D:4      | Reached skill level 2 in Long Blades
  2255 | D:4      | Reached skill level 2 in Axes
  2255 | D:4      | Reached skill level 2 in Maces & Flails
  2255 | D:4      | Reached skill level 2 in Polearms
  2255 | D:4      | Reached skill level 2 in Staves
  2255 | D:4      | Reached skill level 2 in Slings
  2255 | D:4      | Reached skill level 2 in Bows
  2255 | D:4      | Reached skill level 2 in Crossbows
  2255 | D:4      | Reached skill level 2 in Throwing
  2255 | D:4      | Reached skill level 2 in Armour
  2255 | D:4      | Reached skill level 2 in Unarmed Combat
  2255 | D:4      | Reached skill level 2 in Evocations
  2404 | D:4      | Noticed Edmund
  2419 | D:4      | Killed Edmund
  2419 | D:4      | Reached XP level 7. HP: 61/63 MP: 15/15
  2611 | D:5      | Entered Level 5 of the Dungeon
  2654 | D:5      | Found an ancient bone altar of Kikubaaqudgha.
  2687 | D:5      | Found a hide-covered altar of Uskayaw.
  2687 | D:5      | Found a glowing silver altar of Zin.
  2693 | D:5      | Found a staircase to the Ecumenical Temple.
  2704 | Temple   | Entered the Ecumenical Temple
  2908 | Temple   | Became a worshipper of the Wu Jian Council
  2985 | D:4      | Reached skill level 2 in Conjurations
  2985 | D:4      | Reached skill level 2 in Hexes
  2985 | D:4      | Reached skill level 2 in Charms
  2985 | D:4      | Reached skill level 2 in Summonings
  2985 | D:4      | Reached skill level 2 in Necromancy
  2985 | D:4      | Reached skill level 2 in Translocations
  2985 | D:4      | Reached skill level 2 in Transmutations
  2985 | D:4      | Reached skill level 2 in Ice Magic
  2985 | D:4      | Reached skill level 2 in Air Magic
  2985 | D:4      | Reached skill level 2 in Earth Magic
  2985 | D:4      | Reached skill level 2 in Poison Magic
  3181 | D:5      | Reached skill level 3 in Fire Magic
  3193 | D:5      | Found a white marble altar of Elyvilon.
  3282 | D:5      | Reached skill level 9 in Fighting
  3380 | D:5      | HP: 5/64 [orc priest/divine providence (10)]
  3381 | D:5      | Killed from afar by an orc priest

Vault maps used:
D:1:      shiori_arrival_whats_in_store_for_you
D:2:      first_ration
D:3:      cheibrodos_old_hovel
D:4:      kennysheep_big_flooded_room, uniq_edmund
D:5:      elyvilon_altar_5, chequers_temple_overflow_statue_of_worship,
          nicolae_overflow_crystal_walls, minmay_temple_entry_statues_fountains
Temple:   regret_index_temple_generic_petals

Skill      XL: |  1  2  3  4  5  6  7 |
---------------+----------------------+-----
Fire Magic     | 2 3 |  3.1
Spellcasting   | 5 |  5.7
Invocations    | 1 2 |  2.9
Short Blades   | 1 2 |  2.6
Long Blades    | 1 2 |  2.6
Axes           | 1 2 |  2.6
Maces & Flails | 1 2 |  2.6
Polearms       | 1 2 |  2.6
Staves         | 1 2 |  2.6
Slings         | 1 2 |  2.6
Bows           | 1 2 |  2.6
Crossbows      | 1 2 |  2.6
Throwing       | 1 2 |  2.6
Armour         | 1 2 |  2.6
Unarmed Combat | 1 2 |  2.6
Evocations     | 1 2 |  2.6
Conjurations   | 1 2 |  2.1
Hexes          | 1 2 |  2.1
Charms         | 1 2 |  2.1
Summonings     | 1 2 |  2.1
Necromancy     | 1 2 |  2.1
Translocations | 1 2 |  2.1
Transmutations | 1 2 |  2.1
Ice Magic      | 1 2 |  2.1
Air Magic      | 1 2 |  2.1
Earth Magic    | 1 2 |  2.1
Poison Magic   | 1 2 |  2.1
Dodging        | 3 |  3.7
Shields        | 3 |  3.7
Stealth        | 3 |  3.6
Fighting       | 9 |  9.0

Action                   |  1- 3 |  4- 6 |  7- 9 || total
-------------------------+-------+-------+-------++-------
Melee: Spear             |   169 |   133 |       ||   302
       Bite              |    15 |    25 |     8 ||    48
       War axe           |       |    89 |    62 ||   151
       Flail             |       |       |    29 ||    29
Invok: Lunge             |       |       |     1 ||     1
 Abil: Evoke Berserk Rag |       |     1 |       ||     1
  Use: Potion            |     2 |     2 |       ||     4
       Scroll            |       |     2 |       ||     2
  Eat: Chunk             |     1 |     6 |     3 ||    10
Armor: Robe              |     6 |       |       ||     6
       Chain mail        |    83 |    71 |       ||   154
       Plate armour      |       |    62 |    91 ||   153
       Skin              |       |     3 |       ||     3
Dodge: Dodged            |    42 |    19 |     4 ||    65
Block: Shield            |    53 |   109 |    51 ||   213

Table legend:
 A = Spawn XP
 B = Non-spawn XP
 C = Spawn XP percentage of total XP
 D = Spawn monster count
 E = Non-spawn monster count
 F = Spawn count percentage of total count
 G = Total turns spent on level
                    A         B        C        D         E        F      G
               +---------+---------+-------+---------+---------+-------+---------
         Total |       0 |    1076 |   0.0 |       0 |      83 |   0.0 |  3381
               +---------+---------+-------+---------+---------+-------+---------
           D:1 |       0 |      20 |   0.0 |       0 |      11 |   0.0 |   223
           D:2 |       0 |     117 |   0.0 |       0 |      23 |   0.0 |  1027
           D:3 |       0 |     128 |   0.0 |       0 |      25 |   0.0 |   768
           D:4 |       0 |     525 |   0.0 |       0 |      15 |   0.0 |   767
           D:5 |       0 |     286 |   0.0 |       0 |       9 |   0.0 |   355
               +---------+---------+-------+---------+---------+-------+---------
